 Dungeon Crawl Stone Soup version 0.17.2 (webtiles) character file.

6332 Goblin1989 the Grappler (level 10, -7/79 HPs)
             Began as a Demonspawn Gladiator on June 25, 2016.
             Was an Elder of Makhleb.
             Killed from afar by Josephine (14 damage)
             ... with a ghostly fireball
             ... on level 10 of the Dungeon.
             The game lasted 00:38:58 (10233 turns).

Goblin1989 the Grappler (Demonspawn Gladiator)     Turns: 10233, Time: 00:38:59

Health: -7/79      AC:  7    Str: 20    XL:     10   Next: 64%
Magic:  0/16       EV: 11    Int:  9    God:    Makhleb [****..]
Gold:   194        SH:  8    Dex: 11    Spells: 1 memorised, 8 levels left

rFire  . . .     SeeInvis .       - Unarmed
rCold  . . .     Rnd*Rage +     j - +0 ring mail
rNeg   . . .     SustAt   .     q - +0 shield
rPois  .         Gourm    .     c - +0 helmet
rElec  .         Spirit   +     (no cloak)
rCorr  .         Warding  .     (no gloves)
rMut   .         Stasis   .     b - +0 pair of boots
MR     .....                    (no amulet)
Stlth  +.........               (no ring)
                                (no ring)

@: not resistant to hostile enchantments, very unstealthy
A: claws 1, repulsion field 2, berserk 1, clumsy 1, screaming 1, spit poison 1,
magic shield, magic regeneration, subdued magic 1
a: Spit Poison, Minor Destruction, Lesser Servant of Makhleb, Major Destruction,
Renounce Religion


You were on level 10 of the Dungeon.
You worshipped Makhleb.
Makhleb was greatly pleased with you.
You were not hungry.

You visited 1 branch of the dungeon, and saw 10 of its levels.

You collected 432 gold pieces.
You spent 238 gold pieces at shops.

Inventory:

Missiles
 s - 3 throwing nets (quivered) {=f, !d}
Armour
 b - a +0 pair of boots (worn)
 c - a +0 helmet (worn)
 j - a +0 ring mail (worn)
 q - a +0 shield (worn)
Wands
 d - a wand of cold (11)
 f - a wand of draining (6)
 h - a wand of slowing (38)
 n - a wand of fire (5)
Scrolls
 m - 2 scrolls of enchant weapon
 p - 3 scrolls of enchant armour
 r - 2 scrolls of magic mapping {!r}
 t - a scroll of silence
 u - a scroll of blinking {!r}
 w - 4 scrolls of teleportation
 x - a scroll of fog
 y - a scroll of noise {!r}
 z - 2 scrolls of recharging {unknown}
 A - a scroll of remove curse
Potions
 i - a potion of brilliance
 k - 2 potions of ambrosia {!q}
 l - a potion of lignification {!q}
 o - a potion of cancellation
 v - a potion of agility
Comestibles
 e - 9 bread rations
 g - 2 beef jerkies


   Skills:
 * Level 7.6 Fighting
   Level 3.2 Polearms
 - Level 1.7 Throwing
 + Level 1.0 Armour
 - Level 2.6 Dodging
 + Level 1.0 Shields
 - Level 11.4 Unarmed Combat
 + Level 8.2 Invocations


You had 8 spell levels left.
You knew the following spells:

 Your Spells              Type           Power        Failure   Level  Hunger
a - Apportation           Tloc           #.........   100%        1    ##.....


Dungeon Overview and Level Annotations

Branches:
Dungeon (10/15)            Temple (0/1) D:4
   Lair: D:8-11         Orc: D:9-12

Altars:
Elyvilon
Fedhas
Gozag
Kikubaaqudgha
Makhleb
Nemelex Xobeh
Okawaru
Qazlal
Ru
Sif Muna
Yredelemnul
Zin
The Shining One

Shops:
D:5 =   D:6 ?

Annotations:
D:10 Josephine


Innate Abilities, Weirdness & Mutations

You have sharp fingernails.
You are surrounded by a moderate repulsion field (EV +3).
When hurt, damage is shared between your health and your magic reserves.
You regenerate magic rapidly.
You tend to lose your temper in combat.
You are clumsy. (Dex -2)
You occasionally shout uncontrollably at your foes.
You can spit weak poison.
Your spells are a little easier to cast, but a little less powerful.


Message History

Josephine gestures at you while chanting.
The ghostly flame explodes!
The ghostly fireball engulfs your ynoxinul.
Your ynoxinul partially resists.
The ghostly fireball engulfs you!
* * * LOW HITPOINT WARNING * * *
Your ufetubus disappears in a puff of smoke!
Josephine barely misses your ynoxinul.
You take 9 damage, and have 10/79 hp.
You now have 9/16 mp.
A demon appears!
You feel slightly more hungry.
You take 4 damage, and have 6/79 hp.
Your smoke demon hits Josephine.
Your smoke demon hits Josephine but does no damage.
Your smoke demon hits Josephine.
Josephine casts a spell at you.
The ghostly flame explodes!
The ghostly fireball engulfs your smoke demon.
Your smoke demon partially resists.
The ghostly fireball engulfs you!
You die...

.........)((.........
####...#.##.........
#.......###.......#
#.####### ##..(..##
#.# ##...## #.# #+##
#.# ####.####
#....@3.# #.##.##@# #
#.##)# #.##3#
#....@...e..
####.####### #.# #.#
..#


You could see Josephine and a friendly smoke demon.

Vanquished Creatures
  A hill giant (D:9)
  A trapdoor spider (D:9)
  A hippogriff (D:8)
  Eustachio (D:6)
  A wyvern (D:4)
  2 wolves (D:10)
  An orc warrior (D:8)
  3 sky beasts
  7 centaurs
  4 ogres
  A phantom (D:9)
  5 ice beasts
  The ghost of Goblin1989 the Poker, an amateur DsGl (D:4)
  2 giant frogs
  3 big kobolds
  Blork the orc (D:4)
  2 scorpions
  6 killer bees
  A wight (D:8)
  3 crimson imps (D:5)
  A centaur zombie (D:5)
  3 jellies
  5 hounds
  6 orc wizards
  5 orc priests
  5 worker ants
  A killer bee zombie (D:5)
  A hound skeleton (D:7)
  A worker ant zombie (D:5)
  18 adders
  An adder zombie (D:8)
  3 worms
  5 giant geckos
  34 orcs
  2 ball pythons (D:1)
  4 giant cockroaches
  15 goblins
  8 hobgoblins
  5 jackals
  3 quokkas
  9 bats
  3 giant newts
  A jackal zombie (D:6)
  23 kobolds
  2 quokka skeletons
  A quokka zombie (D:5)
  9 rats
  A plant (D:4)
222 creatures vanquished.

Vanquished Creatures (collateral kills)
  2 hill giants (D:10)
  A deep elf mage (D:10)
  Grum (D:10)
  2 wolves (D:10)
  A big kobold (D:10)
  4 killer bees
  3 kobolds (D:10)
14 creatures vanquished.

Vanquished Creatures (others)
  An orc wizard (D:9)
1 creature vanquished.

Grand Total: 237 creatures vanquished

Notes
Turn   | Place    | Note
--------------------------------------------------------------
     0 | D:1      | Goblin1989 the Demonspawn Gladiator began the quest for the Orb.
     0 | D:1      | Reached XP level 1. HP: 16/16 MP: 1/1
    78 | D:1      | Reached skill level 3 in Polearms
   104 | D:1      | Gained mutation: You have sharp fingernails. [demonic ancestry]
   104 | D:1      | Reached XP level 2. HP: 20/22 MP: 2/2
   421 | D:1      | Reached skill level 1 in Unarmed Combat
  1090 | D:2      | Reached XP level 3. HP: 25/27 MP: 3/3
  1680 | D:2      | Found a burning altar of Makhleb.
  1685 | D:2      | Became a worshipper of Makhleb the Destroyer
  2119 | D:3      | Gained mutation: You are surrounded by a mild repulsion field (EV +2). [demonic ancestry]
  2119 | D:3      | Reached XP level 4. HP: 33/33 MP: 4/4
  2298 | D:3      | Reached * piety under Makhleb
  2397 | D:4      | Noticed an ogre
  2401 | D:4      | Found an opulent altar of Gozag.
  2402 | D:4      | Found a glowing golden altar of the Shining One.
  2405 | D:4      | Found a white marble altar of Elyvilon.
  2405 | D:4      | Found an ancient bone altar of Kikubaaqudgha.
  2407 | D:4      | Found a sacrificial altar of Ru.
  2408 | D:4      | Found a deep blue altar of Sif Muna.
  2430 | D:5      | Entered Level 5 of the Dungeon
  2710 | D:5      | Noticed an ice beast
  2757 | D:5      | Killed an ice beast
  2757 | D:5      | Reached skill level 4 in Unarmed Combat
  2757 | D:5      | Reached XP level 5. HP: 17/38 MP: 5/5
  2981 | D:5      | Reached skill level 5 in Unarmed Combat
  2981 | D:5      | Gained mutation: When hurt, damage is shared between your health and your magic reserves. [demonic ancestry]
  2981 | D:5      | Reached XP level 6. HP: 42/44 MP: 6/6
  3157 | D:5      | Noticed a sky beast
  3173 | D:5      | Killed a sky beast
  3173 | D:5      | Reached skill level 6 in Unarmed Combat
  3177 | D:5      | Gained mutation: You are clumsy. (Dex -2) [mutagenic meat]
  3178 | D:5      | Gained mutation: You regenerate slowly when monsters are visible. [mutagenic meat]
  3179 | D:5      | Lost mutation: You regenerate slowly when monsters are visible. [mutagenic meat]
  3180 | D:5      | Gained mutation: Your mind is acute. (Int +2) [mutagenic meat]
  3485 | D:5      | Reached XP level 7. HP: 46/50 MP: 7/7
  3608 | D:5      | Found Vafobav's Jewellery Emporium.
  3828 | D:5      | Reached ** piety under Makhleb
  3877 | D:5      | Reached skill level 7 in Unarmed Combat
  3879 | D:5      | Noticed an ice beast
  3891 | D:5      | Killed an ice beast
  4059 | D:4      | Found a staircase to the Ecumenical Temple.
  4128 | D:4      | Noticed Blork the orc
  4144 | D:4      | Killed Blork the orc
  4186 | D:4      | Noticed a wyvern
  4192 | D:4      | Killed a wyvern
  4192 | D:4      | Reached skill level 8 in Unarmed Combat
  4242 | D:4      | Gained mutation: You regenerate magic rapidly. [demonic ancestry]
  4242 | D:4      | Reached XP level 8. HP: 56/56 MP: 8/8
  4255 | D:4      | Noticed Goblin1989's ghost (amateur DsGl)
  4287 | D:4      | Killed Goblin1989's ghost
  4846 | D:4      | Noticed a big kobold
  4866 | D:4      | Killed a big kobold
  4866 | D:4      | Reached skill level 9 in Unarmed Combat
  4922 | D:4      | Killed an ogre
  5314 | D:4      | Reached *** piety under Makhleb
  5365 | D:3      | Noticed a centaur
  5377 | D:3      | Killed a centaur
  6043 | D:6      | Learned a level 1 spell: Apportation
  6113 | D:6      | Found Vepsid's Magic Scroll Boutique.
  6138 | D:6      | Bought a scroll of identify for 28 gold pieces
  6138 | D:6      | Bought 2 scrolls of teleportation for 84 gold pieces
  6138 | D:6      | Bought a scroll of fog for 28 gold pieces
  6138 | D:6      | Bought a scroll of noise for 14 gold pieces
  6138 | D:6      | Bought a scroll of identify for 28 gold pieces
  6138 | D:6      | Bought a scroll of identify for 28 gold pieces
  6138 | D:6      | Bought a scroll of identify for 28 gold pieces
  6197 | D:6      | Found a blossoming altar of Fedhas.
  6204 | D:6      | Found an iron altar of Okawaru.
  6245 | D:6      | Noticed Eustachio
  6259 | D:6      | Killed Eustachio
  6259 | D:6      | Reached skill level 10 in Unarmed Combat
  6329 | D:6      | Found a basalt altar of Yredelemnul.
  6554 | D:7      | Noticed a hill giant
  6638 | D:8      | Found a glowing silver altar of Zin.
  7012 | D:8      | Reached XP level 9. HP: 61/61 MP: 11/11
  7028 | D:8      | Gained mutation: You occasionally shout uncontrollably at your foes. [mutagenic meat]
  7029 | D:8      | Gained mutation: You tend to lose your temper in combat. [mutagenic meat]
  7301 | D:8      | Reached **** piety under Makhleb
  7509 | D:8      | Reached skill level 11 in Unarmed Combat
  7572 | D:8      | Found a sparkling altar of Nemelex Xobeh.
  7911 | D:8      | Reached skill level 5 in Invocations
  8720 | D:9      | Found a stormy altar of Qazlal.
  8743 | D:9      | Noticed a hill giant
  8746 | D:9      | Reached ***** piety under Makhleb
  8749 | D:9      | Killed a hill giant
  8749 | D:9      | Reached skill level 5 in Fighting
  8749 | D:9      | Gained mutation: You are surrounded by a moderate repulsion field (EV +3). [demonic ancestry]
  8749 | D:9      | Reached XP level 10. HP: 71/74 MP: 14/14
  9788 | D:9      | Gained mutation: Your spells are a little easier to cast, but a little less powerful. [mutagenic meat]
  9789 | D:9      | Gained mutation: You can spit weak poison. [mutagenic meat]
  9790 | D:9      | Lost mutation: Your mind is acute. (Int +2) [mutagenic meat]
  9810 | D:10     | Entered Level 10 of the Dungeon
  9821 | D:10     | Noticed a hill giant
  9822 | D:10     | Noticed Grum
  9829 | D:10     | Killed a hill giant
  9849 | D:10     | HP: 5/115 [Grum/spear (5)]
  9861 | D:10     | Killed Grum
 10179 | D:10     | Noticed a hill giant
 10191 | D:10     | Killed a hill giant
 10197 | D:10     | Reached skill level 1 in Armour
 10197 | D:10     | Reached skill level 1 in Shields
 10226 | D:10     | Noticed Josephine
 10233 | D:10     | Killed from afar by Josephine

Action                   |  1- 3 |  4- 6 |  7- 9 | 10-12 || total
-------------------------+-------+-------+-------+-------++-------
Melee: Trident           |   167 |    42 |       |       ||   209
       Unarmed           |       |    90 |   495 |   108 ||   693
Throw: Throwing net      |       |     5 |       |       ||     5
Invok: Lesser Servant of |       |       |     1 |     7 ||     8
Evoke: Wand              |       |       |     4 |       ||     4
  Use: Potion            |       |     4 |       |     3 ||     7
       Scroll            |       |     1 |    12 |     1 ||    14
 Stab: Sleeping          |     1 |       |       |       ||     1
       Held in net/web   |       |     1 |       |       ||     1
  Eat: Chunk             |     4 |     5 |    19 |     6 ||    34
       Meat ration       |       |     1 |       |     1 ||     2
